 Dungeon Crawl Stone Soup version 0.25.0-9-g26727b657a (webtiles) character file.

Game seed: 1460173212879820319

434 Nachtmond the Skirmisher (level 6, 0/57 HPs)
             Began as a Minotaur Berserker on June 17, 2020.
             Was a Priest of Trog.
             Slain by an orc warrior
             ... wielding a +0 war axe
              (18 damage)
             ... on level 5 of the Dungeon.
             The game lasted 00:51:02 (4421 turns).

Nachtmond the Skirmisher (Minotaur Berserker)       Turns: 4421, Time: 00:51:03

Health: 0/57       AC: 11    Str: 24    XL:     6   Next: 67%
Magic:  5/5        EV:  7    Int:  4    God:    Trog [***...]
Gold:   262        SH:  0    Dex:  9    Spells: 5/5 levels left

rFire    . . .     SeeInvis +   K - +0 war axe
rCold    . . .     Gourm    .   (no shield)
rNeg     + . .     Faith    .   J - +0 plate armour
rPois    .         Spirit   .   (helmet restricted)
rElec    .         Reflect  .   (no cloak)
rCorr    .         Harm     .   (no gloves)
MR       .....                  (no boots)
Stlth    ..........             (no amulet)
HPRegen  0.19/turn              W - ring of positive energy
MPRegen  0.09/turn              N - ring of see invisible

@: no status effects
A: retaliatory headbutt, horns 2
a: Berserk, Trog's Hand, Renounce Religion


You were on level 5 of the Dungeon.
You worshipped Trog.
Trog was most pleased with you.
You were not hungry.

You visited 1 branch of the dungeon, and saw 5 of its levels.

You collected 262 gold pieces.

Inventory:

Hand Weapons
 a - a +0 spear
 f - a +0 spear
 g - a +0 flail
 k - a +0 war axe
 w - a +0 trident
 y - a +0 whip
 z - a +0 short sword
 A - a +0 mace
 C - a +0 trident
 F - a +0 shortbow
 G - a +0 hunting sling
 K - a +0 war axe (weapon)
 T - a +0 mace
 U - a +0 spear
Missiles
 j - 33 poisoned darts (quivered)
 r - 116 stones
 I - 22 arrows
Armour
 l - a +0 scale mail
 n - a +0 ring mail
 o - a +0 scale mail
 q - a +0 chain mail
 s - a +0 leather armour
 x - a +0 ring mail
 H - a +0 leather armour
 J - a +0 plate armour (worn)
 L - a +0 ring mail
 V - a +0 ring mail
Magical Staves
 E - an uncursed staff of energy {unknown}
Jewellery
 b - an uncursed ring of see invisible
 e - an uncursed ring of protection from cold {unknown}
 t - an uncursed amulet of reflection {unknown}
 N - a ring of see invisible (right hand)
 W - a ring of positive energy (left hand)
Wands
 u - a wand of disintegration (6)
Scrolls
 d - a scroll of noise {unknown}
 h - 3 scrolls of fog {unknown}
 m - 2 scrolls of amnesia {unknown}
 v - 2 scrolls of remove curse {unknown}
 M - 2 scrolls of identify {unknown}
 X - a scroll of random uselessness {unknown}
Potions
 i - 2 potions of flight {unknown}
 p - a potion of lignification {unknown}
 B - 2 potions of might {unknown}
 D - a potion of brilliance {unknown}
 O - a potion of haste {unknown}
 P - a potion of ambrosia {unknown}
 R - 2 potions of curing {unknown}
 Y - a potion of mutation {unknown}
Comestibles
 c - 7 rations
 Q - a chunk of flesh


   Skills:
 + Level 6.0 Fighting
 + Level 2.1(4.3) Axes
 + Level 5.9(6.1) Polearms
 + Level 3.5 Armour
 + Level 3.1 Dodging
 + Level 1.4 Stealth


You had 5 spell levels left.
You didn't know any spells.
Your spell library contained the following spells:

 Spells                   Type           Power        Failure   Level  Hunger
 Sting                    Tmut/Pois      #...         100%        1    ##.....
 Summon Small Mammal      Summ           #...         100%        1    ##.....
 Call Imp                 Summ           #.......     100%        2    ###....
 Poisonous Vapours        Pois/Air       #.....       100%        2    ###....
 Call Canine Familiar     Summ           #.......     100%        3    ####...
 Ignite Poison            Fire/Tmut/Pois #.......     100%        3    ####...
 Mephitic Cloud           Conj/Pois/Air  #.......     100%        3    ####...
 Summon Guardian Golem    Hex/Summ       #.......     100%        3    ####...
 Olgreb's Toxic Radiance  Pois           #.......     100%        4    #####..
 Summon Ice Beast         Ice/Summ       #.......     100%        4    #####..
 Summon Lightning Spire   Summ/Air       #.......     100%        4    #####..


Dungeon Overview and Level Annotations

Branches:
Dungeon (5/15)
 Temple: D:4-7

Altars:
Dithmenos
Makhleb
Okawaru
Ru
Trog
Vehumet
Zin
The Shining One

Shops:
D:4 =


Innate Abilities, Weirdness & Mutations

You reflexively headbutt those who attack you in melee.
You have a pair of horns on your head.


Message History

An orc warrior comes into view. It is wielding a +0 war axe.
An orc wizard comes into view. It is wielding a +0 dagger.
You hit the orc warrior but do no damage.
The orc warrior barely misses you.
Your plate armour prevents you from hitting the orc warrior.
The orc warrior hits you with a +0 war axe.
You slash the orc warrior! You headbutt the orc warrior!
The orc warrior is severely wounded.
The orc warrior hits you with a +0 war axe!
You closely miss the orc warrior.
The orc warrior is severely wounded.
The orc warrior hits you with a +0 war axe!
Your plate armour prevents you from hitting the orc warrior.
You headbutt the orc warrior, but do no damage.
The orc warrior is severely wounded.
The orc warrior hits you with a +0 war axe!
You hit the orc warrior. Your headbutt misses the orc warrior.
The orc warrior is almost dead.
The orc warrior hits you with a +0 war axe!!
You die...

..............#.#.#.#..
##########......o.....#
............#.#.#.#.#.#
###########.#.o.......# ######
###>.................. ......
..#.#######.##o######## #####
..#.# #.##.##.....# #
..#.#######.##.##.....# ######
..#............o@.....+ %.....
..#.##.......#.##.....# ######
..#.##.####..#.##.....#
..#.##....#..#.##.....# #####
..#.#.....#..#.##.....# #....
........#.)..#.##.....# #....
.##.#.#.#.##.#.##.....# #....
.##.#.#.#.##.#........# #####
....#.#.#.##.#........###########


You could see an orc warrior.

Vanquished Creatures
  A centaur (D:5)
  A scorpion (D:2)
  An orc priest (D:5)
  A centaur skeleton (D:4)
  Ijyb (D:3)
  7 gnolls
  4 adders
  2 oozes
  5 worms
  3 dart slugs
  4 leopard geckos
  4 orcs
  7 bats
  5 giant cockroaches
  9 goblins
  8 hobgoblins
  7 jackals (D:2)
  A quokka (D:2)
  3 ball pythons (D:2)
  5 frilled lizards
  2 kobolds (D:2)
  A leopard gecko zombie (D:5)
  5 rats
87 creatures vanquished.

Notes
Turn   | Place    | Note
-------+----------+-------------------------------------------
     0 | D:1      | Nachtmond the Minotaur Berserker began the quest for the
                  | Orb.
     0 | D:1      | Reached XP level 1. HP: 19/19 MP: 0/0
   150 | D:1      | Reached XP level 2. HP: 20/27 MP: 1/1
   252 | D:1      | Reached skill level 4 in Fighting
   536 | D:1      | Reached XP level 3. HP: 29/33 MP: 2/2
   739 | D:2      | Reached ** piety under Trog
  1136 | D:2      | Noticed a scorpion
  1149 | D:2      | Killed a scorpion
  1149 | D:2      | Reached skill level 5 in Polearms
  1149 | D:2      | Reached XP level 4. HP: 26/41 MP: 3/3
  1156 | D:2      | Reached skill level 5 in Fighting
  2018 | D:3      | Noticed Ijyb
  2024 | D:3      | Killed Ijyb
  2024 | D:3      | Reached XP level 5. HP: 43/48 MP: 4/4
  2138 | D:3      | Found an iron altar of Okawaru.
  2434 | D:3      | Found a radiant altar of Vehumet.
  2555 | D:3      | Reached skill level 1 in Stealth
  2583 | D:3      | Reached *** piety under Trog
  2837 | D:4      | Found Geush's Jewellery Boutique.
  3092 | D:4      | Found a glowing golden altar of the Shining One.
  3106 | D:4      | Found a bloodstained altar of Trog.
  3334 | D:5      | Entered Level 5 of the Dungeon
  3392 | D:5      | Found a faded altar of an unknown god.
  3392 | D:5      | Found a shadowy altar of Dithmenos.
  3398 | D:5      | Found a sacrificial altar of Ru.
  3403 | D:5      | Found a burning altar of Makhleb.
  3405 | D:5      | Found a faded altar of an unknown god.
  3500 | D:5      | Reached XP level 6. HP: 45/57 MP: 5/5
  3753 | D:5      | Reached skill level 1 in Axes
  3789 | D:5      | Found a glowing silver altar of Zin.
  4240 | D:5      | Reached skill level 6 in Fighting
  4408 | D:5      | Noticed an orc warrior
  4421 | D:5      | Slain by an orc warrior

Illustrated notes

Levels and vault maps discovered:
D:1:      zaba_arrival_water, layout_rooms, serial_corexii_hall,
          corexii_hall_statues_i, chequers_hall_statues_y
D:2:      cheibrodos_greedy_goblins, layout_basic, first_ration
D:3:      layout_basic, lemuel_coloured_pillars_altar, okawaru_trees_2,
          grunt_decor_resistance, supply_closet_lemuel, uniq_ijyb
D:4:      layout_cave_pools, kennysheep_mini_moat, bloody_trog, serial_shops,
          shop, serial_column_ruins, column_ruins_circle_medium,
          column_ruins_hut_ruined, column_ruins_open_large, column_ruins_grid_3,
          column_ruins_grid_1, column_ruins_grid_1, column_ruins_grid_1,
          lemuel_old_faithful
D:5:      layout_basic, chequers_temple_overflow_minitemple, zin_academy,
          serial_glass, glass_columns_a, glass_columns_c

Skill      XL: |  1  2  3  4  5  6 |
---------------+-------------------+-----
Polearms       | 4 5 |  5.9
Fighting       | 4 5 6 |  6.0
Stealth        | 1 |  1.4
Dodging        | 3 |  3.1
Axes           | 2 |  2.1
Armour         | 3 |  3.5

Action                   |  1- 3 |  4- 6 || total
-------------------------+-------+-------++-------
Melee: Spear             |    78 |    68 ||   146
       Headbutt          |    20 |    17 ||    37
       War axe           |       |    55 ||    55
 Stab: Sleeping          |       |     2 ||     2
  Eat: Chunk             |     1 |     7 ||     8
       Ration            |       |     1 ||     1
Armor: Animal skin       |     7 |     6 ||    13
       Ring mail         |       |     9 ||     9
       Plate armour      |       |    13 ||    13
Dodge: Dodged            |    42 |    67 ||   109
